Map: King's Cove LE

Players

Mez

  • Race: Zerg Zerg
  • League: Master
  • Spawn Location: 11:00

bunda - Winner!

  • Race: Terran Terran
  • League: Master
  • Spawn Location: 5:00

VOD

Have the link to the VOD?

Description

Time

  • Played on: July 29, 2019, 5:12 a.m.
  • Length: 14:29
Show
View Real Time Build Order
Export as new Build Order

Mez Zerg 

Build Orders: Hatch First 

Get SALT Encoding   

  12  0:02  Drone  
  13  0:11  Drone  
  14  0:20  Overlord  
  14  0:28  Drone, Extractor  
  15  0:38  Drone  
  15  0:39  Drone  
  17  0:45  Drone  
  18  0:59  Hatchery  
  17  1:12  Spawning Pool  
  16  1:20  Drone x2  
  16  1:23  Drone  
  19  1:27  Extractor  
  19  1:31  Drone  
  19  1:42  Overlord  
  19  1:59  Zergling x2  
  20  2:01  Queen  
  22  2:10  Zergling x2  
  23  2:17  Queen  
  23  2:19  Drone x2  
  27  2:31  Drone x2  
  29  2:41  Drone x2  
  31  2:44  Overlord  
  31  2:46  Queen  
  33  3:00  Drone  
  33  3:01  Drone x2  
  34  3:27  Drone  
  34  3:28  Drone x8  
  42  3:40  Drone x2  
  44  3:44  Roach Warren  
  43  3:57  Hatchery  
  43  4:02  Drone x2  
  44  4:05  Overlord x4  
  44  4:08  Extractor  
  44  4:09  Extractor  
  42  4:10  Drone x2  
  44  4:24  Zergling x2  
  44  4:25  Zergling x6  
  44  4:40  Roach x7  
  51  5:04  Drone x4  
  55  5:13  Spore Crawler  
  55  5:14  Spore Crawler  
  53  5:21  Overlord  
  53  5:22  Overlord  
  53  5:29  Roach x5  
  63  5:45  Roach x5  
  73  6:03  Roach x8  
  82  6:15  Drone x7  
  78  6:36  Drone x6, Roach  
  78  6:37  Drone  
  79  7:04  Drone  
  79  7:05  Drone x10  
  82  7:20  Roach x5  
  82  7:21  Overlord  
  82  7:22  Hatchery  
  87  7:38  Evolution Chamber  
  87  7:39  Evolution Chamber  
  87  7:42  Extractor  
  87  7:43  Extractor  
  83  7:45  Drone x14  
  97  7:53  Extractor  
  97  7:54  Queen  
  97  7:56  Overlord  
  97  7:57  Overlord  
  98  7:58  Overlord  
  98  8:14  Queen x2, Spore Crawler  
  101  8:26  Zerg Ground Armor Level 1, Zerg Missile Weapons Level 1  
  101  8:35  Drone x13  
  114  9:14  Roach x4  
  114  9:15  Roach x3  
  114  9:16  Overlord x6  
  128  9:20  Lair  
  126  9:30  Overlord x2  
  126  9:36  Roach x10  
  146  9:59  Roach x4  
  168  10:00  Roach x13  
  164  10:21  Glial Reconstitution  
  164  10:26  Overlord x5  
  156  10:28  Roach  
  156  10:29  Roach  
  142  10:48  Hatchery  
  133  10:51  Hydralisk Den  
  133  10:54  Infestation Pit, Roach  
  133  10:55  Roach x14  
  131  11:07  Roach x4  
  115  11:18  Queen x2  
  115  11:19  Queen  
  115  11:21  Roach x7  
  135  11:30  Grooved Spines  
  135  11:38  Roach  
  135  11:39  Roach x7  
  131  11:51  Extractor  
  131  11:52  Extractor  
  113  12:06  Roach x13  
  128  12:15  Roach  
  128  12:16  Roach x6  
  139  12:29  Hatchery  
  138  12:34  Hatchery  
  137  12:42  Muscular Augments  
  137  12:46  Hatchery  
  137  12:50  Zergling x10  
  137  12:51  Zergling x20  
  151  12:55  Queen x3  
  155  13:03  Zergling x8  
  133  13:33  Roach  
  133  13:34  Roach x14  
  111  13:45  Roach  
  111  13:46  Roach x10  
Show
View Real Time Build Order
Export as new Build Order

bunda Terran - Winner!

Build Orders: Hellion Opening, Reaper Expand, Mech 

Get SALT Encoding   

  12  0:01  SCV  
  13  0:13  SCV  
  14  0:18  Supply Depot  
  14  0:25  SCV  
  15  0:39  SCV  
  15  0:42  Barracks  
  16  0:45  Refinery  
  16  0:52  SCV  
  17  1:04  SCV  
  18  1:16  SCV  
  19  1:30  Reaper, Orbital Command  
  20  1:46  Command Center  
  20  1:58  SCV  
  20  1:59  Supply Depot  
  21  2:02  Marine  
  22  2:10  SCV  
  23  2:16  Factory  
  23  2:22  Barracks Reactor  
  23  2:23  SCV  
  23  2:29  Refinery  
  24  2:40  SCV  
  25  2:52  SCV  
  26  3:01  Starport  
  26  3:04  Orbital Command  
  26  3:06  Hellion  
  26  3:07  Hellion  
  26  3:11  SCV  
  31  3:32  SCV  
  31  3:33  SCV  
  35  3:34  Hellion x2  
  37  3:44  Viking, SCV  
  37  3:46  Supply Depot  
  37  3:47  Supply Depot  
  40  3:56  Hellion  
  40  3:57  Hellion  
  40  4:01  SCV x2  
  46  4:14  Factory, SCV x2  
  46  4:15  Factory  
  48  4:24  Factory Tech Lab  
  48  4:26  SCV  
  48  4:27  SCV  
  48  4:50  SCV x2  
  43  5:00  Factory Tech Lab, Factory Reactor  
  43  5:04  Mag-Field Accelerator  
  43  5:06  SCV x2  
  45  5:08  Refinery  
  45  5:09  Siege Tank  
  45  5:10  Refinery  
  45  5:11  Command Center  
  48  5:18  SCV x2  
  48  5:20  Command Center  
  50  5:27  Hellion x2  
  54  5:30  SCV  
  54  5:31  SCV  
  56  5:38  Supply Depot  
  56  5:44  Factory Tech Lab  
  56  5:46  Factory  
  56  5:57  SCV x2  
  56  6:09  SCV x2  
  60  6:18  Cyclone  
  60  6:19  Hellion  
  62  6:26  SCV x2  
  62  6:31  Hellion, Cyclone  
  67  6:38  SCV x2  
  69  6:46  Orbital Command  
  65  6:52  SCV x2  
  61  6:59  Siege Tank  
  61  7:00  Hellion  
  65  7:04  SCV x2  
  65  7:06  Orbital Command  
  63  7:16  SCV x2  
  63  7:17  SCV  
  63  7:18  Siege Tank  
  63  7:19  Hellion  
  71  7:28  SCV x2  
  71  7:29  Hellion  
  75  7:40  SCV x2  
  75  7:41  Cyclone  
  75  7:42  Hellion, Orbital Command  
  82  7:44  Orbital Command  
  82  7:50  Hellion  
  84  7:51  Armory  
  84  7:52  Armory, Factory Tech Lab  
  84  8:00  SCV x2  
  86  8:13  Factory  
  86  8:14  SCV x4  
  86  8:15  Factory  
  86  8:16  Refinery  
  86  8:18  Refinery  
  90  8:34  Supply Depot  
  90  8:36  Infernal Pre-Igniter, Supply Depot  
  90  8:43  Supply Depot x3  
  90  8:45  SCV  
  90  8:46  SCV  
  92  8:50  Terran Vehicle And Ship Armor Level 1, Terran Vehicle Weapons Level 1  
  92  8:54  Cyclone x2, SCV x2  
  100  8:56  Hellion x2, Cyclone  
  100  9:01  Factory Tech Lab  
  107  9:05  Factory  
  107  9:10  SCV x3  
  107  9:13  Orbital Command  
  110  9:20  Refinery  
  110  9:24  Refinery, SCV x2  
  110  9:27  Cyclone  
  110  9:28  Hellion, Cyclone x3  
  110  9:29  Hellion x3  
  132  9:33  Supply Depot  
  132  9:34  Supply Depot x2  
  132  9:35  Engineering Bay, SCV  
  132  9:36  SCV  
  134  9:47  SCV  
  134  9:48  Factory, SCV x2  
  134  9:49  Factory, SCV  
  138  9:58  Command Center  
  132  10:15  Cyclone x4  
  132  10:16  Factory Tech Lab  
  132  10:17  Hellion  
  146  10:28  SCV x4  
  150  10:40  SCV x4  
  143  10:45  Hellion, Cyclone  
  143  10:46  Hellion  
  143  10:47  Cyclone x3  
  148  10:59  Cyclone  
  148  11:00  Hellion x2, SCV  
  148  11:01  SCV x3  
  159  11:07  Hellion  
  159  11:09  Hellion  
  157  11:17  Hellion  
  159  11:20  Factory Tech Lab, Factory Reactor  
  159  11:30  Factory x3  
  159  11:32  Factory  
  159  11:33  Command Center  
  159  11:35  Terran Vehicle And Ship Armor Level 2, Terran Vehicle Weapons Level 2  
  159  11:41  Thor x2  
  159  11:42  Thor  
  177  11:59  Refinery  
  170  12:05  Refinery  
  170  12:07  Thor  
  170  12:08  Thor x2  
  175  12:09  Hellion x2  
  176  12:23  Hellion  
  176  12:28  Supply Depot  
  176  12:29  Supply Depot  
  178  12:31  Supply Depot  
  178  12:34  Factory Reactor  
  178  12:35  Factory Tech Lab x3  
  178  12:37  Orbital Command  
  178  12:45  Thor x2  
  178  12:49  Thor  
  196  12:54  Hellion x2  
  196  13:33  Thor  
  196  13:34  Thor  
  192  13:35  Hellion  
  192  13:39  Hellion x4  
  192  13:40  Hellion x3  
  190  13:51  Hellion x2  
  198  13:56  SCV  
  198  13:57  SCV  
  198  14:00  Orbital Command  
  192  14:10  Refinery  
  192  14:12  Refinery  
Tags
 
Add a new tag
Caveats
  • Supply blocks, unpowered buildings, or Contaminate may cause inaccurate times.
  • Supply counts are checked every 10 seconds.